 Dungeon Crawl Stone Soup version 0.31.0-32-g396128a36d (webtiles) character file.

Game seed: 2037133458945401039

134 Arcadio the Grave Robber (level 4, -4/30 HPs)
             Began as a Vampire Necromancer on Apr 8, 2024.
             Slain by an orc priest
             ... wielding a +0 war axe
              (9 damage)
             ... on level 3 of the Dungeon.
             The game lasted 00:07:44 (2770 turns).

Arcadio the Grave Robber (Vampire Necromancer)      Turns: 2770, Time: 00:07:45

Health: -4/30      AC:  2    Str:  7    XL:     4   Next: 95%
Magic:  1/8        EV: 13    Int: 19    God:
Gold:   105        SH:  0    Dex: 14    Spells: 5/9 levels left

rFire   . . .        l - +0 dagger (elec)
rCold   . . .        (no shield)
rNeg    . . .        a - +0 robe
rPois   .            (no helmet)
rElec   .            (no cloak)
rCorr   .            (no gloves)
SInv    +            (no boots)
Will    .....        (no amulet)
Stlth   ++           d - +4 ring of slaying
HPRegen 0.45/turn    (no ring)
MPRegen 0.11/turn

%: no passive effects
@: healing quickly
A: alive, fangs 3, see invisible, vampiric 2
a: Exsanguinate


You were on level 3 of the Dungeon.
You visited 1 branch of the dungeon, and saw 3 of its levels.

You collected 105 gold pieces.

Inventory:

Hand Weapons
 g - a +0 short sword
 l - a +0 dagger of electrocution (weapon)
Armour
 a - a +0 robe (worn)
Jewellery
 d - a +4 ring of slaying (left hand)
Scrolls
 c - a scroll of amnesia
 e - 2 scrolls of immolation {unknown}
 f - a scroll of enchant weapon {unknown}
 i - a scroll of summoning {unknown}
 k - 2 scrolls of poison {unknown}
 m - a scroll of teleportation {unknown}
 o - a scroll of identify {unknown}
Potions
 b - 2 potions of magic
 h - a potion of invisibility {unknown}
 j - 2 potions of curing {unknown}
 n - a potion of attraction {unknown}


   Skills:
 + Level 3.7 Dodging
 - Level 3.0 Stealth
 + Level 3.1 Spellcasting
 + Level 5.3 Necromancy


You had 5 spell levels left.
You knew the following spells:

 Your Spells              Type           Power      Damage    Failure   Level
a - Necrotise             Necr           92%        1d8       1%          1
b - Vampiric Draining     Necr           23%        2d7       4%          3

Your spell library contained the following spells:

 Spells                   Type           Power      Damage    Failure   Level
 Animate Dead             Necr           23%        N/A       17%         4
 Curse of Agony           Necr           23%        N/A       43%         5


Dungeon Overview and Level Annotations

Branches:
Dungeon (3/15)

Altars:

Shops:
D:1 !(*:(


Innate Abilities, Weirdness & Mutations

Your natural rate of healing is accelerated.
You have razor-sharp teeth.
You have supernaturally acute eyesight. (SInv)
You are afflicted with vampirism and can become a bat while bloodless.


Message History

Your orc skeleton hits the orc priest.
You hit the orc priest.
The orc priest is moderately wounded.
The orc priest completely misses you.
The orc priest closely misses your orc wizard skeleton.
The orc priest hits your orc skeleton with a +0 war axe!
Your orc skeleton is destroyed!
You barely miss the orc priest.
The orc priest is moderately wounded.
Your orc wizard skeleton hits the orc priest but does no damage.
The orc priest closely misses you.
The orc priest barely misses your orc wizard skeleton.
You hit the orc priest.
The orc priest is heavily wounded.
The orc priest misses you.
The orc priest closely misses your orc wizard skeleton.
Your orc wizard skeleton barely misses the orc priest.
You barely miss the orc priest.
The orc priest is heavily wounded.
The orc priest invokes the aid of Beogh against you.
Beogh smites you!
* * * LOW HITPOINT WARNING * * *
Your orc wizard skeleton barely misses the orc priest.
Casting: Necrotise (safe; 1% risk of failure)
Confirm with . or Enter, or press ? or * to list all spells.
Aiming: Necrotise (safe; 1% risk of failure)
Press: ? - help, Shift-Dir - straight line, f - orc priest
Aim: an orc priest, wielding a +0 war axe (moderately wounded, ally target, chance to affect: 81%)
The orc priest barely resists.
The orc priest looks satisfied for a moment.
Your orc wizard skeleton hits the orc priest.
You closely miss the orc priest.
The orc priest is heavily wounded.
The orc priest completely misses you.
The orc priest barely misses your orc wizard skeleton.
You barely miss the orc priest.
The orc priest is heavily wounded.
Your orc wizard skeleton hits the orc priest.
The orc priest hits you with a +0 war axe!
You die...

#...o..o.......#.......#.....
#o.o...#oo.#.................
#.o....#...#....#############
#......#...#.#...............
#......#..[..................
########...#)##..............
#...###...#)##............##
##......####)#..รท..........##
#..........#@#...............
#..........oZ................
#..............<.............
#............................
#.............##.............
#..........#####.....###.....
#..........# #.....# ##'#..
#..........# ###'### #.#..
#..........# #.######.#..


You could see an orc priest (ally target) and a friendly orc wizard skeleton.

Vanquished Creatures
  An orc wizard (D:3)
  3 adders
  3 dart slugs
  3 orcs (D:3)
  5 ball pythons
  4 endoplasms
  2 giant cockroaches
  6 hobgoblins
  3 jackals (D:1)
  2 quokkas (D:1)
  10 bats
  11 frilled lizards
  4 goblins
  4 kobolds
  2 rats
63 creatures vanquished.

Vanquished Creatures (collateral kills)
  A dart slug (D:1)
  A bat (D:3)
  2 hobgoblins
4 creatures vanquished.

Grand Total: 67 creatures vanquished

Notes
Turn   | Place    | Note
-------+----------+-------------------------------------------
     0 | D:1      | Arcadio the Vampire Necromancer began the quest for the
                  | Orb.
     0 | D:1      | Reached XP level 1. HP: 13/13 MP: 3/3
   132 | D:1      | Found Voemem's Antique Weapon Shop.
   146 | D:1      | Found Ynoihuyl's Book Shoppe.
   210 | D:1      | Reached XP level 2. HP: 19/19 MP: 0/5
   489 | D:1      | Found Fiduc's Assorted Antiques.
   731 | D:1      | Gained mutation: You are afflicted with vampirism and can
                  | become a bat while bloodless. [Vampire growth]
   731 | D:1      | Reached XP level 3. HP: 24/24 MP: 6/6
   755 | D:1      | Learned a level 3 spell: Vampiric Draining
   918 | D:1      | Found Axkojy's Weapon Shop.
   929 | D:1      | Found Nohuheq's Distillery.
  1363 | D:2      | Reached skill level 5 in Necromancy
  1626 | D:2      | Reached XP level 4. HP: 30/30 MP: 8/8
  2770 | D:3      | Slain by an orc priest

Illustrated notes

Levels and vault maps discovered:
D:1:      evilmike_arrival_home_sweet_home, layout_loops_ring, serial_shops,
          nicolae_shop_industrial_runoff, shop, shop, shop_statue, shop,
          chequers_big_river
D:2:      layout_basic, minmay_lizard_king
D:3:      layout_basic, led_sif_pool, minmay_crystal_room

Skill      XL: |  1  2  3  4 |
---------------+-------------+-----
Dodging        | 3 |  3.7
Necromancy     | 5 |  5.3
Spellcasting   | 3 |  3.1
Stealth        | |  3.0

Action                     |  1- 3 |  4- 6 || total
---------------------------+-------+-------++-------
  Melee: Unarmed           |    18 |       ||    18
         Bite              |     5 |       ||     5
         Short sword       |    28 |    26 ||    54
         Punch             |     1 |     1 ||     2
         Dagger            |       |    12 ||    12
   Cast: Necrotise         |    47 |    23 ||    70
    Use: Scroll            |     1 |       ||     1
   Stab: Sleeping          |     4 |     1 ||     5
 Armour: Robe              |    30 |    27 ||    57
  Dodge: Dodged            |    42 |    37 ||    79
